Map: [ESL] Hecate

Players

Spirit (souL)

  • Race: Terran Terran
  • League: Master
  • Spawn Location: 7:00

ShoWTimE - Winner!

  • Race: Protoss Protoss
  • League: Master
  • Spawn Location: 1:00

Event: HomeStory Cup XXIV

VOD

Have the link to the VOD?

Description

Time

  • Played on: Dec. 2, 2023, 11:04 a.m.
  • Length: 11:20

All games in this series

Show
View Real Time Build Order
Export as new Build Order

Spirit Terran 

Build Orders: Hellion Opening 

Get SALT Encoding   

  12  0:00  SCV  
  13  0:12  SCV  
  14  0:16  Supply Depot  
  14  0:24  SCV  
  15  0:38  SCV  
  15  0:39  Barracks  
  16  0:45  Refinery  
  16  0:50  SCV  
  17  1:02  SCV  
  18  1:14  SCV  
  19  1:26  Marine  
  19  1:27  Orbital Command  
  20  1:45  Command Center  
  20  1:53  Factory  
  20  1:57  SCV  
  21  2:03  Supply Depot  
  21  2:06  Barracks Reactor  
  21  2:09  SCV  
  22  2:15  Bunker  
  22  2:21  SCV  
  23  2:33  SCV  
  24  2:41  Starport  
  24  2:45  SCV  
  24  2:46  Hellion x2  
  24  2:50  Marine  
  30  2:56  Orbital Command  
  30  2:57  SCV  
  31  3:07  Hellion  
  31  3:08  Marine  
  31  3:09  Hellion  
  36  3:16  SCV  
  36  3:18  Medivac  
  39  3:22  SCV  
  39  3:25  Supply Depot  
  39  3:26  Marine  
  41  3:31  Hellion  
  41  3:33  Hellion, SCV  
  46  3:41  Supply Depot  
  46  3:44  Refinery  
  46  3:47  SCV x2  
  48  3:59  SCV x2  
  48  4:00  Factory Tech Lab  
  50  4:03  Marine x2  
  50  4:08  Supply Depot  
  52  4:11  SCV x2  
  52  4:12  Barracks  
  54  4:21  Siege Tank  
  54  4:22  Marine  
  54  4:23  SCV x2  
  54  4:32  Marine  
  54  4:35  Viking, SCV x2  
  53  4:41  Marine  
  53  4:45  Bunker  
  52  4:47  SCV x2  
  52  4:48  Bunker  
  52  4:49  Marine  
  51  4:53  Siege Tank  
  51  4:54  Barracks  
  51  4:59  SCV x2  
  56  5:00  Refinery  
  56  5:01  Engineering Bay  
  56  5:02  Barracks Tech Lab  
  56  5:07  Marine x2  
  56  5:12  SCV x2  
  60  5:20  Supply Depot  
  59  5:24  SCV x2  
  59  5:25  Siege Tank, Marine x2  
  59  5:27  Marine  
  66  5:36  SCV x2  
  66  5:42  Refinery  
  68  5:43  Stimpack, Marine  
  68  5:44  Barracks Tech Lab  
  68  5:48  SCV  
  70  5:50  SCV  
  70  5:55  Terran Infantry Weapons Level 1  
  71  5:59  Missile Turret, Supply Depot  
  71  6:00  SCV  
  72  6:05  Command Center  
  72  6:08  Starport Reactor, SCV  
  73  6:12  Factory Reactor  
  73  6:17  Combat Shield  
  73  6:19  Marine  
  73  6:20  Marauder  
  73  6:21  Marauder  
  73  6:22  SCV  
  79  6:28  Supply Depot  
  79  6:30  SCV  
  80  6:33  Marine  
  80  6:37  Missile Turret  
  79  6:41  Marauder  
  79  6:42  Marine  
  79  6:43  Marauder  
  83  6:49  Medivac  
  83  6:51  Medivac, Marine  
  85  7:00  Widow Mine x2  
  89  7:03  Marauder  
  91  7:09  Barracks, Marauder, Marine  
  91  7:10  Barracks  
  94  7:16  SCV  
  94  7:17  SCV  
  94  7:19  Marine  
  94  7:21  Medivac  
  99  7:24  Marauder  
  99  7:29  SCV  
  100  7:31  Widow Mine  
  100  7:34  SCV  
  102  7:37  Marauder, Marine  
  102  7:41  Marine  
  102  7:43  Medivac  
  108  7:45  Marauder  
  103  7:55  SCV, Marine  
  103  7:56  Medivac  
  103  7:58  Marine, SCV  
  106  7:59  Marauder  
  102  8:07  SCV, Marauder  
  102  8:10  SCV  
  102  8:11  Widow Mine  
  102  8:12  Marine  
  108  8:19  Medivac  
  109  8:21  SCV  
  109  8:22  Barracks Reactor, Barracks Tech Lab  
  109  8:23  Orbital Command, SCV  
  109  8:27  Marauder, Marine  
  109  8:28  Marauder  
  109  8:30  Terran Infantry Armor Level 1  
  109  8:31  Marine  
  109  8:33  SCV  
  115  8:35  Widow Mine  
  117  8:44  SCV  
  117  8:55  Supply Depot  
  117  8:57  Medivac, Marine x2  
  117  8:58  Marauder, SCV x2  
  117  8:59  SCV  
  125  9:07  Marine  
  125  9:10  Orbital Command, Marine, Marauder  
  125  9:14  Marauder, SCV x2, Medivac  
  125  9:15  Marine  
  120  9:19  Marauder  
  120  9:23  Concussive Shells  
  121  9:26  SCV  
  121  9:27  Medivac  
  121  9:28  Widow Mine  
  121  9:29  Marine  
  130  9:31  Marauder, SCV  
  130  9:32  Marine  
  130  9:34  Marine  
  130  9:36  Marine  
  128  9:40  SCV  
  128  9:42  Missile Turret, Marine  
  128  9:45  Widow Mine  
  131  9:50  Marine  
  131  9:51  Marine, Ghost Academy  
  133  9:58  Marauder  
  132  10:00  Viking  
  133  10:09  Viking, SCV, Marine x2  
  133  10:10  Marauder  
  133  10:12  Sensor Tower, Marine  
  141  10:21  Refinery  
  141  10:22  Refinery  
  141  10:23  Marauder  
  141  10:25  Marine  
  141  10:27  SCV  
  141  10:29  Widow Mine  
  141  10:33  SCV  
  141  10:35  Marine, SCV  
  140  10:36  Widow Mine  
  140  10:37  Marauder  
  140  10:38  Marine  
  140  10:40  SCV  
  140  10:42  Marine  
  133  10:43  Marine  
  133  10:44  Marauder  
  133  10:45  Marauder  
  133  10:47  SCV  
  121  10:51  Widow Mine  
  121  10:55  Marine x2  
  117  10:57  Widow Mine  
  117  10:59  Marauder  
  117  11:00  Marine  
  117  11:01  Marine  
Show
View Real Time Build Order
Export as new Build Order

ShoWTimE Protoss - Winner!

Build Orders: 1 Gate Expand, Blink Stalkers 

Get SALT Encoding   

  12  0:00  Probe  
  13  0:12  Probe  
  14  0:17  Pylon  
  14  0:24  Probe (Chrono Boost)  
  15  0:36  Gateway, Probe (Chrono Boost)  
  16  0:43  Probe (Chrono Boost)  
  16  0:45  Assimilator  
  17  0:50  Probe  
  18  1:03  Probe  
  19  1:15  Probe  
  20  1:21  Nexus  
  20  1:30  Cybernetics Core  
  20  1:33  Probe  
  21  1:40  Assimilator  
  21  1:46  Probe  
  22  1:49  Pylon  
  22  1:58  Probe  
  23  2:04  Adept (Chrono Boost)  
  23  2:07  Warp Gate  
  25  2:10  Probe  
  26  2:21  Twilight Council  
  26  2:22  Probe  
  27  2:25  Stalker (Chrono Boost)  
  29  2:33  Probe  
  29  2:34  Probe  
  31  2:45  Probe  
  31  2:46  Stalker, Probe  
  35  2:54  Blink (Chrono Boost)  
  35  2:57  Probe  
  36  2:58  Probe  
  37  3:09  Gateway, Probe  
  38  3:16  Shield Battery, Probe  
  39  3:21  Probe  
  40  3:29  Probe  
  40  3:31  Robotics Facility  
  40  3:33  Probe  
  42  3:35  Shield Battery  
  42  3:41  Probe  
  43  3:43  Pylon  
  43  3:45  Probe  
  44  3:51  Gateway  
  44  3:53  Probe  
  45  3:57  Probe  
  45  4:00  Stalker  
  48  4:03  Stalker  
  48  4:05  Probe  
  48  4:07  Pylon  
  48  4:08  Assimilator  
  52  4:10  Probe  
  52  4:17  Probe  
  53  4:30  Stalker x2  
  52  4:31  Probe  
  49  4:38  Warp Prism (Chrono Boost), Probe  
  49  4:44  Probe  
  51  4:46  Stalker  
  51  4:50  Probe  
  54  4:56  Probe  
  55  5:02  Probe  
  55  5:06  Dark Shrine  
  56  5:08  Probe (Chrono Boost)  
  57  5:17  Pylon  
  57  5:19  Probe (Chrono Boost)  
  57  5:20  Probe (Chrono Boost)  
  59  5:27  Probe (Chrono Boost)  
  61  5:29  Probe (Chrono Boost)  
  61  5:33  Nexus  
  61  5:34  Probe  
  61  5:39  Probe  
  61  5:46  Probe  
  62  5:51  Probe  
  62  5:52  Pylon  
  62  5:53  Pylon  
  63  5:57  Stalker x3  
  63  5:58  Probe  
  63  6:03  Probe, Charge (Chrono Boost)  
  65  6:11  Probe (Chrono Boost)  
  66  6:12  Pylon  
  66  6:14  Gateway  
  66  6:15  Probe (Chrono Boost)  
  66  6:18  Dark Templar x3  
  73  6:23  Probe (Chrono Boost)  
  75  6:27  Probe (Chrono Boost)  
  75  6:30  Gateway  
  75  6:31  Probe (Chrono Boost)  
  75  6:32  Probe (Chrono Boost)  
  76  6:37  Probe  
  76  6:41  Probe  
  76  6:46  Probe  
  74  6:49  Probe  
  74  6:53  Gateway, Probe  
  76  6:55  Gateway  
  76  6:57  Gateway  
  76  6:58  Stalker x2  
  80  7:02  Stalker  
  80  7:05  Shield Battery  
  80  7:10  Pylon  
  80  7:12  Dark Templar  
  82  7:16  Nexus  
  82  7:21  Forge  
  82  7:22  Probe x3  
  85  7:24  Pylon  
  85  7:31  Zealot x4  
  91  7:38  Immortal (Chrono Boost)  
  91  7:42  Pylon  
  95  7:46  Probe  
  95  7:47  Probe x2  
  99  7:58  Probe  
  99  7:59  Sentry x2, Zealot x2  
  99  8:00  Zealot x4, Probe  
  99  8:02  Protoss Ground Weapons Level 1 (Chrono Boost)  
  99  8:04  Probe  
  111  8:09  Shield Battery  
  111  8:10  Probe  
  111  8:11  Observer (Chrono Boost)  
  111  8:12  Probe  
  114  8:16  Probe  
  114  8:21  Sentry, Zealot x2  
  114  8:22  Zealot x2  
  124  8:29  Warp Prism (Chrono Boost)  
  124  8:30  Sentry, Zealot  
  130  8:34  Pylon  
  130  8:42  Pylon  
  130  8:44  Zealot x4  
  130  8:47  Pylon  
  138  8:52  Photon Cannon  
  138  8:54  Stalker  
  139  8:58  Observer, Stalker x2  
  139  9:00  Photon Cannon  
  144  9:05  Stalker x2, Pylon  
  144  9:06  Stalker  
  146  9:14  Stalker x2  
  144  9:22  Stalker  
  146  9:26  Zealot x2  
  146  9:28  Photon Cannon, Probe  
  146  9:29  Probe  
  152  9:34  Zealot x3  
  152  9:36  Probe  
  157  9:40  Zealot x2  
  157  9:44  Probe  
  161  9:57  Nexus  
  161  9:58  Zealot x4  
  167  10:03  Zealot x7  
  173  10:08  Pylon  
  173  10:09  Probe x3  
  176  10:22  Pylon  
  176  10:26  Zealot x2  
  172  10:28  Zealot  
  172  10:29  Zealot x5  
  161  10:44  Probe  
  161  10:48  Zealot x3  
  151  11:02  Zealot x5  
  118  11:13  Stalker x3  
Tags
 
Add a new tag
Caveats
  • Supply blocks, unpowered buildings, or Contaminate may cause inaccurate times.
  • Supply counts are checked every 10 seconds.